 Dungeon Sprint DCSS version 0.31-a0-981-geadf994542 (webtiles) character file.

Game seed: 8604832324842223088

122 Conn the Firebug (level 5, -1/31 HPs)
             Began as an Octopode Fire Elementalist on Nov 1, 2023.
             Succumbed to a scorpion's poison
             ... in the Dungeon (Sprint II: "The Violet Keep of Menkaure").
             The game lasted 00:00:57 (28 turns).

Conn the Firebug (Octopode Fire Elementalist)         Turns: 28, Time: 00:00:58

Health: -1/31      AC:  1    Str:  7    XL:     5   Next: 6%
Magic:  11/11      EV: 14    Int: 19    God:
Gold:   0          SH:  0    Dex: 13    Spells: 11/12 levels left

rFire   . .          .
                       - Unarmed
rCold   . . .        (no shield)
rNeg    . . .        (helmet restricted)
rPois   .            (no amulet)
rElec   .            (no ring)
rCorr   .            (no ring)
SInv    .            (no ring)
Will    .....        (no ring)
Stlth   ++++         (no ring)
HPRegen 0.25/turn    (no ring)
MPRegen 0.12/turn    (no ring)
                     (no ring)

%: no teleportation
@: lethally poisoned (-1 -> -24), on berserk cooldown, hasted and slowed
A: almost no armour, amphibious, 8 rings, camouflage 1, gelatinous body 1,
(nimble swimmer 1), tentacles
a: no special abilities


You were in the Dungeon.
You visited 1 branch

Inventory:

Scrolls
 f - a scroll of blinking
Potions
 a - 2 potions of magic


   Skills:
 + Level 3.8 Dodging
 + Level 4.8 Stealth
 + Level 1.4 Unarmed Combat
 + Level 4.3 Spellcasting
 + Level 1.5 Conjurations
 + Level 7.6 Fire Magic


You had 11 spell levels left.
You knew the following spells:

 Your Spells              Type           Power      Damage    Failure   Level
a - Foxfire               Conj/Fire      84%        2x1d8     1%          1

Your spell library contained the following spells:

 Spells                   Type           Power      Damage    Failure   Level
 Scorch                   Fire           66%        2d7       1%          2
 Inner Flame              Hex/Fire       18%        N/A       9%          3
 Volatile Blastmotes      Fire/Tloc      36%        2d13      9%          3
 Flame Wave               Conj/Fire      21%        2d8       21%         4


Dungeon Overview and Level Annotations

Branches:
Dungeon (1/1)

Altars:


Innate Abilities, Weirdness & Mutations

You cannot wear most types of armour.
You are amphibious.
You can wear up to eight rings at the same time.
Your skin changes colour to match your surroundings (Stealth+).
Your rubbery body absorbs attacks. (AC +1, EV +1)
((You are camouflaged when in or above water. (Stealth+)))
You have tentacles for arms and can constrict up to eight enemies at once.


Message History

The scorpion is heavily wounded.
The scorpion completely misses you. The scorpion closely misses you.
The scorpion stings you.
* * * LOW HITPOINT WARNING * * *
You feel much better.
You feel very sick. The scorpion closely misses you. The scorpion stings you.
Magic courses through your body.
You feel sick. The scorpion stings you.
You are more poisoned.
The scorpion poisons you! The scorpion misses you.
Casting: Foxfire (safe; 1% risk of failure)
Confirm with . or Enter, or press ? or * to list all spells.
You conjure some foxfire!
You feel very sick. The scorpion misses you. The scorpion stings you.
* * * LOW HITPOINT WARNING * * *
You are more poisoned.
The scorpion poisons you!
You tentacle-slap the scorpion but do no damage.
You grab the scorpion.
The scorpion is severely wounded.
You constrict the scorpion, but do no damage.
* * * LOW HITPOINT WARNING * * *
You feel very sick.
The foxfire hits the scorpion.
The scorpion is severely wounded.
The foxfire hits the scorpion!
The scorpion is almost dead.
The scorpion barely misses you. x2; The scorpion stings you.
* * * LOW HITPOINT WARNING * * *
You are more poisoned.
The scorpion poisons you!
Unknown command.
Unknown command.
You closely miss the scorpion. You grab the scorpion.
The scorpion is almost dead.
You constrict the scorpion, but do no damage.
You constrict the scorpion.
You kill the scorpion!
You die...

## #.#
#+#
#..##.##
#'s@.+
#..##.##
#.# #+#
##


You could see a scorpion.

Vanquished Creatures
  3 scorpions (D)
3 creatures vanquished.

Vanquished Creatures (others)
  9 foxfires (D)
9 creatures vanquished.

Grand Total: 12 creatures vanquished

Notes
Turn   | Place    | Note
-------+----------+-------------------------------------------
     0 | D        | Conn the Octopode Fire Elementalist began the quest for the
                  | Orb.
     0 | D        | Reached XP level 1. HP: 11/11 MP: 3/3
     1 | D        | Noticed a scorpion
     1 | D        | Noticed a scorpion
     1 | D        | Noticed a scorpion
     1 | D        | Noticed a scorpion
     9 | D        | Killed a scorpion
    10 | D        | Reached skill level 1 in Unarmed Combat
    10 | D        | Reached skill level 6 in Fire Magic
    10 | D        | Reached XP level 2. HP: 17/17 MP: 1/6
    10 | D        | Reached XP level 3. HP: 21/21 MP: 1/8
    10 | D        | Reached XP level 4. HP: 27/27 MP: 1/9
    13 | D        | Killed a scorpion
    14 | D        | Reached skill level 7 in Fire Magic
    14 | D        | Reached XP level 5. HP: 31/31 MP: 1/11
    28 | D        | Succumbed to a scorpion's poison

Illustrated notes

Levels and vault maps discovered:
D:        the_violet_keep_of_menkaure [sprint2_stairs_cluster_1,
          sprint2_shoproom, sprint2_temple, sprint2_basic_supplies,
          sprint2_obstacle_6, sprint2_obstacle_3, sprint2_obstacle_4,
          sprint2_obstacle_7, sprint2_obstacle_2, sprint2_timed_cluster_1,
          sprint2_smallroom_cluster_1, sprint2_smallroom_final_cluster_1,
          sprint2_transparent_cluster_1, sprint2_second_timed_cluster_1,
          sprint2_sniper_area_1, sprint2_heavy_combat_area_1,
          sprint2_mutation_trap_area_1, sprint2_forest_area_1,
          sprint2_light_combat_area_1, sprint2_behind_water_1,
          sprint2_near_end_vault_1]

Skill      XL: |  1  2  3  4 |
---------------+-------------+-----
Dodging        | 3 |  3.8
Stealth        | 4 |  4.8
Unarmed Combat | 1 |  1.4
Spellcasting   | 3 4 |  4.3
Fire Magic     | 6 7 |  7.6
Conjurations   | |  1.5

Action                     |  1- 3 |  4- 6 || total
---------------------------+-------+-------++-------
  Melee: Unarmed           |     3 |     9 ||    12
         Tentacles         |     1 |     3 ||     4
         Constrict         |     1 |     4 ||     5
   Cast: Foxfire           |     2 |     3 ||     5
    Use: Potion            |     2 |     3 ||     5
 Armour: Skin              |     1 |    10 ||    11
  Dodge: Dodged            |     2 |    14 ||    16

Table legend: (Time is in decaauts)
 A = Elapsed time spent in this place.
 B = Non-inter-level travel time spent in this place.
 C = Inter-level travel time spent in this place.
 D = Time resting spent in this place.
 E = Time spent auto-exploring this place.
 F = Levels seen in this place.
 G = Mean time per level.
                   A        B        C        D        E       F      G
               +--------+--------+--------+--------+--------+-----+--------+
         Total |     23 |     23 |      0 |      0 |      0 |   1 |   23.0 |
       Dungeon |     23 |     23 |      0 |      0 |      0 |   1 |   23.0 |
               +--------+--------+--------+--------+--------+-----+--------+

Top non-repeatable levels by time:
       D: 23 daAuts
